AoeStats
← WENDIGO

Hideout

510242377Analyzed
1v1 RM · 12h ago on Sep 30, 2026· 31m 20s· 2 players
Game mode
Random Map
Map size
Tiny (2 player)
Population
200
Speed
Normal
Resources
Standard
Victory
Conquest
Starting age
Dark Age
Ending age
Imperial Age
RankedLock teamsTeams togetherTeam positionsShared explorationLock speedFull tech treeHidden civsTurbo modeCheats
Victory
Defeat
🇨🇳 Poles · China
867
+15
🇲🇽 Vikings · Mexico
839
-15
WENDIGO
0:54 Loom
11:10 Feudal Age
11:42 Double-Bit Axe
11:41 Horse Collar
11:57 Gold Mining
18:58 Castle Age
17:21 Scale Mail Armor
17:22 Stone Mining
18:11 Arson
18:48 Forging
20:24 Iron Casting
20:02 Bow Saw
21:59 Gold Shaft Mining
23:14 Chain Mail Armor
23:06 Squires
23:17 Town Watch
nieson
10:50 Feudal Age
12:28 Loom
15:28 Castle Age
13:55 Double-Bit Axe
14:19 Horse Collar
16:33 Heavy Plow
18:10 Bow Saw
19:44 Szlachta Privileges
21:19 Scale Barding Armor
22:01 Bloodlines
21:51 Gold Mining
22:07 Town Watch
24:00 Forging
24:36 Husbandry
28:16 Chain Barding Armor
28:53 Wheelbarrow
28:48 Stone Mining
30:45 Iron Casting
Connection lost

Rejoining the realm…

Still unreachable

The connection could not be restored.

Session expired

The server has moved on; the page needs a fresh start.